Map: Year Zero LE

Players

Lambo - Winner!

  • Race: Zerg Zerg
  • League: Grandmaster
  • Spawn Location: 1:00

Geralt (Gerald)

  • Race: Protoss Protoss
  • League: Grandmaster
  • Spawn Location: 11:00

Event: 2019 WCS Winter Europe

VOD

Have the link to the VOD?

Description

Time

  • Played on: Feb. 3, 2019, 9:32 a.m.
  • Length: 16:13

All games in this series

Show
View Real Time Build Order
Export as new Build Order

Lambo Zerg - Winner!

Build Orders: Hatch First 

Get SALT Encoding   

  12  0:01  Drone  
  13  0:13  Overlord  
  13  0:18  Drone  
  14  0:31  Drone x2  
  16  0:50  Hatchery  
  16  0:53  Drone  
  16  0:57  Drone  
  16  1:01  Drone  
  18  1:12  Extractor  
  18  1:15  Spawning Pool  
  16  1:19  Drone  
  16  1:22  Drone  
  18  1:29  Drone  
  19  1:40  Drone  
  20  1:52  Drone  
  21  2:01  Queen  
  21  2:02  Queen, Zergling x2  
  21  2:03  Overlord  
  26  2:12  Zergling x2  
  26  2:13  Drone  
  26  2:15  Metabolic Boost  
  28  2:22  Drone  
  29  2:25  Drone  
  30  2:37  Hatchery  
  30  2:41  Drone  
  30  2:43  Drone  
  31  2:45  Drone  
  31  2:48  Overlord  
  32  2:56  Queen  
  34  3:03  Zergling x4  
  36  3:10  Drone x4  
  41  3:12  Drone  
  41  3:18  Overlord, Drone  
  42  3:21  Drone  
  42  3:24  Drone  
  44  3:30  Spore Crawler  
  43  3:34  Lair  
  43  3:36  Zergling x2  
  43  3:37  Drone  
  43  3:41  Drone x2  
  47  3:48  Roach Warren  
  47  3:49  Drone x2  
  47  3:51  Drone  
  48  3:56  Drone x2  
  48  4:01  Spore Crawler  
  49  4:03  Drone  
  49  4:06  Drone  
  51  4:13  Spore Crawler, Drone x2  
  51  4:15  Drone  
  53  4:19  Drone x2  
  53  4:22  Extractor  
  53  4:23  Overlord, Extractor  
  53  4:26  Drone x2  
  53  4:28  Drone  
  53  4:30  Drone  
  57  4:31  Drone  
  58  4:42  Glial Reconstitution  
  58  4:44  Overlord, Drone x2  
  58  4:45  Drone x3  
  62  4:48  Drone x2  
  62  4:52  Drone x2  
  64  4:55  Drone x2  
  66  5:01  Overlord  
  66  5:06  Overlord  
  66  5:07  Drone  
  66  5:14  Overlord  
  63  5:24  Overlord  
  63  5:26  Evolution Chamber, Roach x7  
  76  5:28  Roach  
  76  5:29  Roach  
  76  5:32  Roach x2  
  84  5:36  Extractor  
  84  5:37  Roach x3  
  84  5:40  Overlord  
  84  5:42  Zergling x2  
  90  5:43  Burrow  
  90  5:45  Roach  
  92  5:53  Roach x3  
  97  6:07  Overlord  
  97  6:10  Nydus Network, Overlord  
  96  6:14  Roach x4  
  104  6:20  Roach  
  104  6:23  Overlord  
  104  6:26  Overlord  
  104  6:27  Tunneling Claws  
  104  6:30  Zergling x18  
  113  6:36  Zergling x8  
  115  6:40  Roach x2  
  114  6:47  Roach x2  
  118  6:54  Roach x3  
  118  6:55  Roach  
  124  7:01  Nydus Canal  
  124  7:02  Overlord  
  124  7:04  Roach  
  124  7:05  Roach x2  
  130  7:09  Roach x2  
  130  7:14  Overseer  
  134  7:16  Nydus Canal  
  134  7:17  Roach x2  
  134  7:20  Overlord  
  138  7:23  Roach, Zergling x2  
  135  7:35  Roach x3  
  135  7:36  Roach  
  135  7:37  Roach, Nydus Canal  
  145  7:40  Roach  
  145  7:42  Roach, Zergling x2  
  141  7:48  Roach x2  
  141  7:49  Roach  
  142  7:52  Nydus Canal  
  142  7:53  Roach x2, Zergling x2  
  142  7:56  Roach  
  142  7:58  Roach  
  151  7:59  Roach x20  
  151  8:03  Roach x8  
  153  8:10  Roach  
  153  8:11  Roach x7  
  151  8:14  Roach  
  151  8:19  Nydus Canal  
  153  8:21  Roach  
  153  8:22  Roach x12  
  153  8:23  Roach  
  153  8:24  Roach x3  
  153  8:25  Roach  
  147  8:27  Roach x2  
  147  8:29  Roach  
  147  8:30  Roach  
  147  8:37  Roach x2  
  147  8:40  Roach x2  
  145  8:42  Roach  
  145  8:47  Zergling x6, Nydus Canal  
  142  8:49  Roach, Zergling x2  
  133  8:56  Roach x2  
  133  8:59  Roach  
  136  9:04  Roach  
  136  9:05  Roach  
  136  9:06  Roach  
  133  9:10  Roach  
  133  9:15  Roach  
  129  9:18  Roach  
  115  9:24  Hydralisk Den  
  115  9:30  Spore Crawler, Roach  
  115  9:31  Spore Crawler, Roach  
  100  9:32  Spore Crawler  
  100  9:33  Spore Crawler  
  100  9:34  Roach  
  100  9:35  Spore Crawler  
  100  9:36  Drone x8  
  100  9:37  Roach  
  105  9:39  Drone  
  105  9:44  Spore Crawler  
  99  9:55  Grooved Spines  
  93  10:01  Spore Crawler  
  93  10:02  Spore Crawler, Drone x2  
  93  10:03  Spore Crawler  
  93  10:04  Spore Crawler  
  91  10:11  Spore Crawler x2, Zerg Missile Weapons Level 1  
  91  10:13  Drone  
  90  10:15  Spore Crawler, Drone  
  90  10:16  Drone  
  90  10:18  Drone  
  90  10:19  Drone  
  93  10:26  Drone x5  
  98  10:31  Drone x4  
  98  10:33  Drone  
  98  10:34  Drone  
  102  10:43  Extractor  
  101  10:53  Hydralisk x2  
  101  10:54  Hydralisk x3  
  101  10:56  Extractor  
  110  11:01  Hydralisk x2  
  114  11:07  Muscular Augments  
  114  11:09  Overlord  
  114  11:11  Hatchery  
  113  11:24  Overlord  
  113  11:34  Overlord  
  113  11:39  Overlord  
  113  11:42  Queen  
  113  11:44  Hydralisk x3  
  121  11:49  Infestation Pit  
  121  11:51  Hydralisk x2, Roach x15  
  121  11:54  Overlord x2  
  124  11:56  Hydralisk x3  
  124  12:00  Hydralisk x4  
  137  12:11  Hydralisk x2  
  137  12:13  Hydralisk x5  
  149  12:18  Hydralisk x2  
  151  12:26  Hydralisk x2  
  151  12:29  Hydralisk  
  153  12:34  Hydralisk x3  
  149  12:41  Roach  
  149  12:42  Roach x2  
  143  12:52  Infestor  
  143  12:57  Roach x2  
  149  12:58  Hatchery  
  147  13:10  Roach  
  147  13:11  Roach x2  
  153  13:17  Hive  
  151  13:20  Zerg Missile Weapons Level 2  
  151  13:26  Overlord  
  151  13:27  Overlord  
  151  13:31  Roach  
  151  13:32  Overlord  
  153  13:34  Overseer  
  153  13:38  Overlord  
  153  13:39  Overlord  
  153  13:43  Overlord  
  153  13:49  Roach x5  
  153  13:53  Roach x2  
  163  13:57  Roach  
  163  13:59  Roach  
  163  14:02  Roach  
  163  14:09  Roach x3  
  169  14:11  Nydus Canal  
  169  14:26  Hydralisk x5  
  171  14:37  Viper x3  
  164  14:49  Drone x5  
  164  14:50  Drone x6  
  175  14:53  Viper  
  175  14:55  Overseer  
  177  15:11  Extractor  
  177  15:12  Extractor  
  173  15:17  Hydralisk x3  
  173  15:18  Hydralisk  
  181  15:22  Hydralisk x2  
  181  15:24  Overseer  
  181  15:26  Drone  
  181  15:27  Hatchery, Drone  
  186  15:36  Hydralisk x2  
  186  15:41  Spire  
  189  15:50  Overlord x3  
Show
View Real Time Build Order
Export as new Build Order

Geralt Protoss 

Build Orders: 1 Gate Expand, Oracle Opening 

Get SALT Encoding   

  12  0:00  Probe  
  13  0:13  Probe  
  14  0:20  Pylon  
  14  0:25  Probe  
  15  0:34  Probe  
  15  0:36  Assimilator  
  15  0:42  Probe  
  16  0:48  Gateway  
  17  0:52  Probe  
  18  1:04  Probe  
  19  1:16  Probe  
  20  1:25  Nexus  
  20  1:35  Cybernetics Core  
  20  1:38  Probe  
  21  1:42  Assimilator  
  21  1:50  Probe  
  21  1:53  Pylon  
  22  2:02  Probe  
  22  2:03  Adept  
  23  2:14  Probe  
  26  2:16  Stargate  
  26  2:22  Warp Gate  
  26  2:25  Adept  
  26  2:26  Probe  
  29  2:38  Probe  
  29  2:39  Probe  
  30  2:45  Stalker  
  30  2:50  Probe  
  31  2:52  Oracle, Probe  
  34  3:03  Probe  
  38  3:09  Probe  
  39  3:15  Probe  
  40  3:21  Probe  
  40  3:22  Gateway  
  41  3:28  Probe  
  41  3:31  Oracle  
  41  3:34  Probe  
  46  3:35  Pylon  
  46  3:46  Pylon  
  46  3:48  Assimilator  
  46  3:49  Assimilator  
  46  3:52  Probe  
  43  3:58  Probe  
  43  4:01  Stargate  
  44  4:04  Shield Battery  
  44  4:05  Probe  
  45  4:10  Probe  
  45  4:16  Phoenix  
  46  4:17  Forge, Probe  
  46  4:22  Probe  
  50  4:27  Adept  
  50  4:29  Probe  
  53  4:34  Probe  
  54  4:41  Probe  
  54  4:42  Adept  
  54  4:45  Phoenix  
  59  4:46  Probe  
  60  4:53  Probe  
  60  4:58  Probe  
  62  5:01  Pylon  
  62  5:03  Pylon  
  62  5:12  Phoenix  
  62  5:19  Phoenix  
  67  5:25  Protoss Ground Weapons Level 1  
  67  5:29  Adept x2  
  67  5:34  Phoenix  
  70  5:36  Nexus  
  70  5:41  Pylon  
  72  5:44  Phoenix  
  74  5:57  Phoenix  
  74  5:58  Protoss Air Weapons Level 1  
  74  6:02  Probe  
  74  6:03  Phoenix  
  78  6:07  Probe  
  80  6:14  Phoenix, Probe  
  81  6:19  Probe  
  81  6:24  Phoenix  
  80  6:33  Stalker  
  80  6:39  Phoenix  
  84  6:42  Probe x2  
  86  6:48  Probe  
  86  6:49  Phoenix  
  86  6:54  Probe x2  
  90  6:56  Assimilator  
  90  6:58  Zealot, Assimilator  
  90  7:00  Probe  
  94  7:03  Pylon  
  94  7:04  Phoenix, Zealot  
  94  7:06  Probe  
  99  7:14  Phoenix  
  101  7:16  Shield Battery x2  
  101  7:21  Probe  
  102  7:29  Phoenix  
  104  7:32  Zealot x2  
  108  7:41  Phoenix  
  108  7:42  Probe  
  108  7:43  Probe  
  108  7:47  Pylon, Robotics Facility  
  108  7:48  Robotics Facility  
  108  7:49  Pylon  
  107  7:54  Zealot  
  109  8:04  Zealot  
  109  8:05  Phoenix  
  108  8:07  Phoenix  
  109  8:15  Cybernetics Core  
  109  8:22  Zealot  
  109  8:27  Probe  
  104  8:30  Void Ray  
  104  8:31  Void Ray  
  104  8:36  Zealot  
  104  8:38  Immortal x2  
  97  8:51  Zealot  
  91  9:02  Zealot  
  75  9:14  Void Ray  
  70  9:17  Observer  
  70  9:18  Observer  
  66  9:38  Probe  
  67  9:40  Probe  
  68  9:50  Probe  
  69  9:53  Probe  
  69  9:59  Probe  
  70  10:01  Probe  
  72  10:07  Probe  
  72  10:09  Probe  
  74  10:16  Probe  
  74  10:19  Probe  
  76  10:28  Probe  
  76  10:31  Probe  
  78  10:37  Probe  
  78  10:39  Probe  
  79  10:45  Probe  
  79  10:47  Probe  
  81  10:55  Probe  
  81  10:57  Probe  
  83  11:14  Probe x2  
  83  11:22  Probe  
  83  11:23  Probe  
  83  11:30  Probe  
  86  11:41  Nexus  
  86  11:42  Pylon  
  87  11:48  Robotics Bay  
  87  11:49  Probe  
  87  11:58  Probe  
  88  12:01  Probe  
  88  12:02  Zealot  
  82  12:25  Zealot  
  81  12:31  Probe x2  
  81  12:35  Disruptor  
  81  12:36  Disruptor  
  79  12:39  Probe  
  79  12:43  Probe  
  81  12:47  Probe  
  84  13:08  Probe  
  84  13:11  Disruptor  
  88  13:14  Probe  
  88  13:15  Probe  
  90  13:20  Probe  
  90  13:21  Zealot  
  90  13:25  Disruptor  
  82  13:37  Disruptor  
  85  14:02  Zealot  
  85  14:11  Probe  
  85  14:37  Disruptor  
  88  14:44  Pylon  
  88  14:45  Nexus  
  88  14:46  Pylon  
  88  14:51  Pylon  
  88  14:53  Probe, Disruptor  
  88  14:57  Probe  
  93  15:01  Probe  
  94  15:09  Probe  
  94  15:11  Probe  
  94  15:13  Stalker  
  95  15:21  Probe  
  95  15:24  Probe  
  96  15:31  Disruptor  
  96  15:33  Probe  
  100  15:40  Probe  
  101  15:45  Probe  
Tags
 
Add a new tag
Caveats
  • Supply blocks, unpowered buildings, or Contaminate may cause inaccurate times.
  • Supply counts are checked every 10 seconds.